SL
RICHARDSON CITY THUNDERCATS @ SEATTLE AVIATORS
08/18/2032
 
TOP OF THE 1ST
Richardson City Thundercats batting - Pitching for Seattle Aviators : RHP José Muńóz
Pitching: RHP José Muńóz
Batting: LHB Ashley Thachi 0-0: Fly out, F9 (Flyball, 9S)
Batting: RHB Anselmo Berneu 0-0: Ball
1-0: SOLO HOME RUN (Flyball, 7LD), Distance : 343 ft
Batting: SHB Mitch Qualtrough 0-0: Swinging Strike
0-1: Foul Ball, location: 2F
0-2: Foul Ball, location: 2F
0-2: Foul Ball, location: 2F
0-2: Ball
1-2: Foul Ball, location: 2F
1-2: Ground out U3 (Groundball, 3)
Batting: LHB Jorge Vargas 0-0: Called Strike
0-1: Called Strike
0-2: Ball
1-2: Strikes out swinging, 2-3 out at first.
Top of the 1st over - 1 run, 1 hit, 0 errors, 0 left on base; Richardson City 1 - Seattle 0
BOTTOM OF THE 1ST
Seattle Aviators batting - Pitching for Richardson City Thundercats : RHP Juan Valéncia
Pitching: RHP Juan Valéncia
Batting: SHB Nuygen Vuong 0-0: Ground out 6-3 (Groundball, 6)
Batting: LHB Vinski Prifti 0-0: Ball
1-0: Ball
2-0: Swinging Strike
2-1: Ground out 4-3 (Groundball, 34)
Batting: RHB Danilo Mosca 0-0: Ball
1-0: Fly out, F7 (Flyball, 7S)
Bottom of the 1st over - 0 runs, 0 hits, 0 errors, 0 left on base; Richardson City 1 - Seattle 0
TOP OF THE 2ND
Richardson City Thundercats batting - Pitching for Seattle Aviators : RHP José Muńóz
Batting: LHB Juan Macíel 0-0: Foul Ball, location: 2F
0-1: Foul Ball, location: 2F
0-2: Ball
1-2: Ball
2-2: Strikes out looking
Batting: RHB Alfredo Pizarro 0-0: Foul Ball, location: 2F
0-1: Ball
1-1: Fly out, F8 (Flyball, 8RM)
Batting: LHB Eduardo Álvarez 0-0: Ball
1-0: Ball
2-0: Called Strike
2-1: Foul Ball, location: 2F
2-2: SINGLE (Line Drive, 9LS)
Batting: RHB Felipe Campos 0-0: Ball
Eduardo Álvarez is caught stealing 2nd base
Top of the 2nd over - 0 runs, 1 hit, 0 errors, 0 left on base; Richardson City 1 - Seattle 0
BOTTOM OF THE 2ND
Seattle Aviators batting - Pitching for Richardson City Thundercats : RHP Juan Valéncia
Batting: LHB Kenny Webster 0-0: Ball
1-0: SINGLE (Line Drive, 89M)
Batting: RHB Ludwig Kluge 0-0: Ball
1-0: Swinging Strike
1-1: Ball
2-1: Called Strike
2-2: Strikes out swinging
Batting: LHB Pedro Corona 0-0: Foul Ball, location: 2F
0-1: Ground out 4-3 (Groundball, 4S)
Kenny Webster to second
Batting: RHB Alfredo Méndez 0-0: Foul Ball, location: 2F
0-1: Foul Ball, location: 2F
0-2: Fly out, F3 (Popup, 34)
Bottom of the 2nd over - 0 runs, 1 hit, 0 errors, 1 left on base; Richardson City 1 - Seattle 0
TOP OF THE 3RD
Richardson City Thundercats batting - Pitching for Seattle Aviators : RHP José Muńóz
Batting: RHB Felipe Campos 0-0: Ball
1-0: Called Strike
1-1: Swinging Strike
1-2: Ball
2-2: SINGLE (Groundball, 56D)
Batting: LHB Eric Thackston 0-0: Fly out, F8 (Flyball, 8RD)
Batting: LHB Ashley Thachi 0-0: Ball
1-0: SINGLE (Line Drive, 8LS)
Felipe Campos to second
Batting: RHB Anselmo Berneu 0-0: Ball
1-0: Swinging Strike
1-1: Fly out, F8 (Line Drive, 8RD)
Batting: SHB Mitch Qualtrough 0-0: Ground out 4-3 (Groundball, 34D)
Top of the 3rd over - 0 runs, 2 hits, 0 errors, 2 left on base; Richardson City 1 - Seattle 0
BOTTOM OF THE 3RD
Seattle Aviators batting - Pitching for Richardson City Thundercats : RHP Juan Valéncia
Batting: RHB Logan Namajunas 0-0: Ground out 6-3 (Groundball, 6)
Batting: RHB José Leyva 0-0: Fly out, F8 (Flyball, 8LM)
Batting: SHB Nuygen Vuong 0-0: Ball
1-0: Ground out U3 (Groundball, 34S)
Bottom of the 3rd over - 0 runs, 0 hits, 0 errors, 0 left on base; Richardson City 1 - Seattle 0
TOP OF THE 4TH
Richardson City Thundercats batting - Pitching for Seattle Aviators : RHP José Muńóz
Batting: LHB Jorge Vargas 0-0: Called Strike
0-1: Ball
1-1: Swinging Strike
1-2: Foul Ball, location: 2F
1-2: Ball
2-2: Strikes out swinging, 2-3 out at first.
Batting: LHB Juan Macíel 0-0: SINGLE (Line Drive, 3S)
Batting: RHB Alfredo Pizarro 0-0: Ball
1-0: Called Strike
1-1: Foul Ball, location: 2F
1-2: Ball
2-2: Foul Ball, location: 2F
2-2: Fly out, F8 (Line Drive, 89D)
Batting: LHB Eduardo Álvarez 0-0: Ball
1-0: Ground out 4-3 (Groundball, 4)
Top of the 4th over - 0 runs, 1 hit, 0 errors, 1 left on base; Richardson City 1 - Seattle 0
BOTTOM OF THE 4TH
Seattle Aviators batting - Pitching for Richardson City Thundercats : RHP Juan Valéncia
Batting: LHB Vinski Prifti 0-0: Foul Ball, location: 2F
0-1: Swinging Strike
0-2: Strikes out swinging
Batting: RHB Danilo Mosca 0-0: Called Strike
0-1: Ball
1-1: Swinging Strike
1-2: Ball
2-2: Ball
3-2: SINGLE (Line Drive, 89S)
Batting: LHB Kenny Webster 0-0: Foul Ball, location: 2F
0-1: Ball
1-1: SINGLE (Groundball, 6D)
Danilo Mosca to second
Batting: RHB Ludwig Kluge 0-0: DOUBLE (Groundball, 5L)
Danilo Mosca scores
Kenny Webster to third
Batting: LHB Pedro Corona 0-0: Called Strike
0-1: Foul Ball, location: 2F
0-2: Ball
1-2: Foul Ball, location: 2F
1-2: Foul Ball, location: 2F
1-2: Foul Ball, location: 2F
1-2: Ball
2-2: SINGLE (Line Drive, 89S)
Kenny Webster scores
Ludwig Kluge to third
Runner from 3rd tries for Home, SAFE, no throw
Batting: RHB Alfredo Méndez 0-0: Ball
1-0: Called Strike
1-1: Foul Ball, location: 2F
1-2: Ball
2-2: Foul Ball, location: 2F
2-2: Ball
3-2: SINGLE (Groundball, 56D)
Pedro Corona to second
Batting: RHB Logan Namajunas 0-0: Fly out, F7 (Flyball, 7LM)
Batting: RHB José Leyva 0-0: Fielders Choice at 2nd, 6-4 (Groundball, 6)
Bottom of the 4th over - 3 runs, 5 hits, 0 errors, 2 left on base; Richardson City 1 - Seattle 3
TOP OF THE 5TH
Richardson City Thundercats batting - Pitching for Seattle Aviators : RHP José Muńóz
Batting: RHB Felipe Campos 0-0: Ball
1-0: SINGLE (Groundball, 6MD)
Batting: LHB Eric Thackston 0-0: Called Strike
0-1: 2-RUN HOME RUN (Flyball, 9LD), Distance : 331 ft
Batting: LHB Ashley Thachi 0-0: Called Strike
0-1: Foul Ball, location: 2F
0-2: Ball
1-2: Foul Ball, location: 2F
1-2: SINGLE (Groundball, 6MD)
Batting: RHB Anselmo Berneu 0-0: Called Strike
0-1: Ball
1-1: Foul Ball, location: 2F
1-2: Ball
2-2: Ground out U3 (Groundball, 3S)
Ashley Thachi to second
Batting: SHB Mitch Qualtrough 0-0: Fly out, F7 (Flyball, 7S)
Batting: LHB Jorge Vargas 0-0: Called Strike
0-1: Fly out, F4 (Popup, 34S)
Top of the 5th over - 2 runs, 3 hits, 0 errors, 1 left on base; Richardson City 3 - Seattle 3
BOTTOM OF THE 5TH
Seattle Aviators batting - Pitching for Richardson City Thundercats : RHP Juan Valéncia
Batting: SHB Nuygen Vuong 0-0: Ball
1-0: Ball
2-0: Swinging Strike
2-1: Foul Ball, location: 2F
2-2: Fly out, F5 (Popup, 56)
Batting: LHB Vinski Prifti 0-0: Swinging Strike
0-1: Ball
1-1: Fly out, F9 (Flyball, 89D)
Batting: RHB Danilo Mosca 0-0: Fly out, F9 (Flyball, 9D)
Bottom of the 5th over - 0 runs, 0 hits, 0 errors, 0 left on base; Richardson City 3 - Seattle 3
TOP OF THE 6TH
Richardson City Thundercats batting - Pitching for Seattle Aviators : RHP José Muńóz
Batting: LHB Juan Macíel 0-0: Swinging Strike
0-1: Ball
1-1: Foul Ball, location: 2F
1-2: Fly out, F7 (Flyball, 7LMF)
Batting: RHB Alfredo Pizarro 0-0: Called Strike
0-1: Foul Ball, location: 2F
0-2: DOUBLE (Line Drive, 78XD)
Batting: LHB Eduardo Álvarez 0-0: Ball
1-0: Foul Ball, location: 2F
1-1: Ball
2-1: Fly out, F8 (Flyball, 8RS)
Batting: RHB Felipe Campos 0-0: SINGLE (Line Drive, 3D)
Alfredo Pizarro to third
Runner from 3rd tries for Home, SAFE, no throw
Batting: LHB Eric Thackston 0-0: Called Strike
0-1: Ball
1-1: Foul Ball, location: 2F
1-2: Foul Ball, location: 2F
1-2: Ball
2-2: Ground out 3-1 (Groundball, 34S)
Top of the 6th over - 1 run, 2 hits, 0 errors, 1 left on base; Richardson City 4 - Seattle 3
BOTTOM OF THE 6TH
Seattle Aviators batting - Pitching for Richardson City Thundercats : RHP Juan Valéncia
Batting: LHB Kenny Webster 0-0: Ground out 4-3 (Groundball, 4)
Batting: RHB Ludwig Kluge 0-0: Ball
1-0: Ball
2-0: Foul Ball, location: 2F
2-1: SINGLE (Line Drive, 56)
Batting: LHB Pedro Corona 0-0: Foul Ball, location: 2F
0-1: Called Strike
0-2: Ball
1-2: Ball
2-2: Fly out, F1 (Line Drive, 15)
Batting: RHB Alfredo Méndez 0-0: Ball
1-0: Called Strike
1-1: Called Strike
1-2: Ball
2-2: Ball
3-2: Ground out 4-3 (Groundball, 4M)
Bottom of the 6th over - 0 runs, 1 hit, 0 errors, 1 left on base; Richardson City 4 - Seattle 3
TOP OF THE 7TH
Richardson City Thundercats batting - Pitching for Seattle Aviators : RHP José Muńóz
Batting: LHB Ashley Thachi 0-0: Fly out, F8 (Flyball, 8LD)
Batting: RHB Anselmo Berneu 0-0: Called Strike
0-1: Fly out, F6 (Line Drive, 56)
Batting: SHB Mitch Qualtrough 0-0: Ball
1-0: Ball
2-0: Ball
3-0: Base on Balls
Batting: LHB Jorge Vargas 0-0: Swinging Strike
0-1: Ball
Throwing error on steal attempt, E2
Mitch Qualtrough to third
1-1: Foul Ball, location: 2F
1-2: Foul Ball, location: 2F
1-2: Fly out, F9 (Flyball, 89S)
Top of the 7th over - 0 runs, 0 hits, 1 error, 1 left on base; Richardson City 4 - Seattle 3
BOTTOM OF THE 7TH
Seattle Aviators batting - Pitching for Richardson City Thundercats : RHP Juan Valéncia
Batting: RHB Logan Namajunas 0-0: Ball
1-0: Ball
2-0: Ball
3-0: Base on Balls
Batting: RHB José Leyva 0-0: Ball
1-0: Ball
2-0: Ball
3-0: Called Strike
3-1: Bunted foul
3-2: Base on Balls
Logan Namajunas to second
Batting: SHB Nuygen Vuong 0-0: Ball
1-0: Bunt missed!
1-1: Sac Bunt - play at first, batter OUT! 1-4
Logan Namajunas to third
José Leyva to second
Batting: LHB Vinski Prifti 0-0: Called Strike
0-1: Ground out 6-3 (Groundball, 4)
Batting: RHB Danilo Mosca 0-0: Ball
1-0: Foul Ball, location: 2F
1-1: Ball
2-1: Swinging Strike
2-2: Foul Ball, location: 2F
2-2: Ground out 5-3 (Groundball, 5)
Bottom of the 7th over - 0 runs, 0 hits, 0 errors, 2 left on base; Richardson City 4 - Seattle 3
TOP OF THE 8TH
Richardson City Thundercats batting - Pitching for Seattle Aviators : RHP José Muńóz
Pitching: LHP Yajirobei Otomo
Batting: LHB Juan Macíel 0-0: Ball
1-0: Foul Ball, location: 2F
1-1: Fly out, F4 (Line Drive, 34D)
Batting: RHB Alfredo Pizarro 0-0: Called Strike
0-1: Ball
1-1: Ball
2-1: SINGLE (Line Drive, 3D)
Batting: LHB Eduardo Álvarez 0-0: Called Strike
0-1: Swinging Strike
0-2: Ball
1-2: Ball
2-2: Strikes out looking
Batting: RHB Felipe Campos 0-0: SINGLE (Line Drive, 8RS)
Alfredo Pizarro to second
Pinch Hitting: RHB Tomás Martínez 0-0: Ground out 5-3 (Groundball, 2L)
Top of the 8th over - 0 runs, 2 hits, 0 errors, 2 left on base; Richardson City 4 - Seattle 3
BOTTOM OF THE 8TH
Seattle Aviators batting - Pitching for Richardson City Thundercats : RHP Juan Valéncia
Now at 1B: Tomás Martínez
Batting: LHB Kenny Webster 0-0: Ball
1-0: Fly out, F8 (Flyball, 8LD)
Batting: RHB Ludwig Kluge 0-0: Called Strike
0-1: SINGLE (Flyball, 9S)
Batting: LHB Pedro Corona 0-0: Swinging Strike
0-1: Ball
1-1: Ball
2-1: Called Strike
2-2: Fielders Choice at 2nd, 4-6 (Groundball, 4)
Pitching: RHP Andrés Martínez
Pinch Hitting: LHB Arana Sashi 0-0: Ball
1-0: Ball
2-0: Fly out, F6 (Line Drive, 6)
Bottom of the 8th over - 0 runs, 1 hit, 0 errors, 1 left on base; Richardson City 4 - Seattle 3
TOP OF THE 9TH
Richardson City Thundercats batting - Pitching for Seattle Aviators : LHP Yajirobei Otomo
Pitching: LHP Holden Rosen Grupp
Now in LF: Arana Sashi
Batting: LHB Ashley Thachi 0-0: Called Strike
0-1: Ball
1-1: Foul Ball, location: 2F
1-2: Strikes out swinging
Batting: RHB Anselmo Berneu 0-0: Called Strike
0-1: Foul Ball, location: 2F
0-2: Foul Ball, location: 2F
0-2: Strikes out looking
Batting: SHB Mitch Qualtrough 0-0: Foul Ball, location: 2F
0-1: Ground out 5-3 (Groundball, 25)
Top of the 9th over - 0 runs, 0 hits, 0 errors, 0 left on base; Richardson City 4 - Seattle 3
BOTTOM OF THE 9TH
Seattle Aviators batting - Pitching for Richardson City Thundercats : RHP Andrés Martínez
Pitching: RHP Enrique García
Now at SS: Denis Jerningham
Batting: RHB Logan Namajunas 0-0: Ball
1-0: Ball
2-0: Foul Ball, location: 2F
2-1: Ball
3-1: Foul Ball, location: 2F
3-2: Base on Balls
Batting: RHB José Leyva 0-0: Foul Ball, location: 2F
0-1: Called Strike
0-2: Ball
1-2: Strikes out swinging
Batting: SHB Nuygen Vuong 0-0: SINGLE (Groundball, 56D)
Logan Namajunas to second
Batting: LHB Vinski Prifti 0-0: Ball
1-0: Called Strike
1-1: Fielders Choice at 2nd, 4-6 (Groundball, 4)
Logan Namajunas to third
Batting: RHB Danilo Mosca 0-0: Ball
1-0: Ball
2-0: Called Strike
2-1: Ball
3-1: Foul Ball, location: 2F
3-2: Fly out, F9 (Line Drive, 89M)
Bottom of the 9th over - 0 runs, 1 hit, 0 errors, 2 left on base; Richardson City 4 - Seattle 3
Wednesday, September 19th, 2018 - OOTP Baseball 18.8 Build 76